 Dungeon Crawl Stone Soup version 0.19.1-1-g22dce08 (webtiles) character file.

300 theAP the Conjurer (level 6, -1/35 HPs)
             Began as a Deep Elf Conjurer on Jan 7, 2017.
             Was an Initiate of Vehumet.
             Slain by a hound (4 damage)
             ... on level 3 of the Dungeon.
             The game lasted 00:15:07 (3861 turns).

theAP the Conjurer (Deep Elf Conjurer)              Turns: 3861, Time: 00:15:08

Health: -1/35      AC:  8    Str:  4 (5)  XL:     6   Next: 13%
Magic:  16/16      EV: 13    Int: 22      God:    Vehumet [......]
Gold:   183        SH:  3    Dex: 15      Spells: 3 memorised, 9 levels left

rFire  . . .     SeeInvis .     (no weapon)
rCold  . . .     Gourm    .     a - +0 robe
rNeg   . . .     Faith    .     (no shield)
rPois  .         Spirit   .     (no helmet)
rElec  .         Reflect  +     p - +0 cloak
rCorr  +         Harm     .     m - +2 pair of gloves
MR     +....                    (no boots)
Stlth  ++........               l - +3 amulet of reflection
                                (no ring)
                                j - ring of resist corrosion

@: very slightly contaminated, starving
A: yellow scales 1, deterioration 1, magic resistance 1
a: Renounce Religion


You were on level 3 of the Dungeon.
You worshipped Vehumet.
Vehumet was noncommittal.
You were starving.

You visited 2 branches of the dungeon, and saw 5 of its levels.

You collected 183 gold pieces.

Inventory:

Armour
 a - a +0 robe (worn)
 d - a +0 ring mail of fire resistance
 m - a +2 pair of gloves (worn)
 n - a +0 pair of gloves
 p - a +0 cloak (worn)
Jewellery
 j - a ring of resist corrosion (left hand)
 l - a +3 amulet of reflection (around neck)
Wands
 r - a wand of slowing (39/48)
Scrolls
 i - a scroll of enchant weapon
Potions
 e - a potion of flight
 q - a potion of agility {unknown}
 s - a potion of haste {unknown}
Books
 b - a book of Conjurations

   Spells                             Type                      Level
   a - Magic Dart                     Conjuration                  1
   b - Searing Ray                    Conjuration                  2
   c - Dazzling Spray                 Conjuration/Hexes            3
   d - Fulminant Prism                Conjuration/Hexes            4
   e - Iskenderun's Mystic Blast      Conjuration                  4
   f - Iskenderun's Battlesphere      Conjuration/Charms           5
Comestibles
 c - 3 bread rations
 f - a slice of pizza
 g - 2 meat rations
 h - 2 beef jerkies


   Skills:
 + Level 1.9 Fighting
 - Level 2.4 Dodging
 - Level 2.4 Stealth
 + Level 5.6 Spellcasting
 + Level 6.3 Conjurations


You had 9 spell levels left.
You knew the following spells:

 Your Spells              Type           Power        Failure   Level  Hunger
a - Magic Dart            Conj           ####         1%          1    None
b - Searing Ray           Conj           ####..       1%          2    None
c - Iskenderun's Mystic   Conj           ####....     10%         4    ####...


Dungeon Overview and Level Annotations

Branches:
Dungeon (4/15)             Temple (1/1) D:4

Altars:
Ashenzari
Cheibriados
Dithmenos
Elyvilon
Fedhas
Gozag
Hepliaklqana
Kikubaaqudgha
Makhleb
Nemelex Xobeh
Okawaru
Qazlal
Ru
Sif Muna
Trog
Uskayaw
Vehumet
Xom
Yredelemnul
Zin
The Shining One


Innate Abilities, Weirdness & Mutations

You are partially covered in yellow scales. (AC +2)
Your body sometimes deteriorates upon taking damage.
You are resistant to hostile enchantments. (MR+)


Message History

* * * LOW HITPOINT WARNING * * *
The hound completely misses you. You block the hound's attack.
The hound bites you.
* * * LOW HITPOINT WARNING * * *
Your body deteriorates!
You feel weakened.
There is a stone staircase leading up here.
The hound closely misses you.
You climb upwards.
The frilled lizard hisses angrily.
A rat comes into view.
There is a stone staircase leading down here.
You don't have the energy to cast that spell.
Magic courses through your body. The hound closely misses you. x2
You don't have the energy to cast that spell.
You don't have the energy to cast that spell.
You start eating one of the 2 beef jerkies.
The hound stops to sniff the ground.
The hound bites you.
You die...

#.......##.#..#.# #.#
#########......)#####.#######
###### #......>.รทรท.........#
.....# #.#..##.#####.#####.#
####.# #.#.###.# #.#####.# #.#
#....##.# #.##...). ##.#
#.......# #.##.##.. #..#
##...#### #.##.##.# ###.####
#..@# #####.......# #......#
#(hl# #............
#.#.##.#######...####.####.#.###(
#)#.##.#......r..(.....###....##.
.)......................##.......
..#.##.#.........[...(..[.....##.
..#.##.#####.#...#.##.#..........
.......# #.#...#.##.......#####
###....# #[#...#.####.#.#.##


You could see a hound, a frilled lizard and a rat (wandering).

Vanquished Creatures
  3 orc priests
  A bullfrog skeleton (D:4)
  Terence (D:3)
  Robin (D:3)
  3 adders
  2 oozes
  3 worms (D:2)
  2 dart slugs
  4 leopard geckos
  5 orcs
  4 giant cockroaches
  9 goblins
  13 hobgoblins
  10 jackals
  9 kobolds
  A quokka (D:3)
  A ball python (D:2)
  8 bats
  4 frilled lizards
  A quokka skeleton (D:4)
  8 rats
93 creatures vanquished.

Notes
Turn   | Place    | Note
-------+----------+-------------------------------------------
     0 | D:1      | theAP the Deep Elf Conjurer began the quest for the Orb.
     0 | D:1      | Reached XP level 1. HP: 10/10 MP: 6/6
   292 | D:1      | Reached XP level 2. HP: 15/15 MP: 2/8
  1035 | D:1      | Reached skill level 5 in Conjurations
  1035 | D:1      | Reached XP level 3. HP: 19/19 MP: 2/10
  1292 | D:2      | Learned a level 2 spell: Searing Ray
  2140 | D:2      | Reached XP level 4. HP: 24/24 MP: 7/12
  2374 | D:3      | Noticed Terence
  2386 | D:3      | Killed Terence
  2602 | D:3      | Noticed Robin
  2666 | D:3      | Killed Robin
  2666 | D:3      | Reached skill level 1 in Fighting
  2666 | D:3      | Reached XP level 5. HP: 21/29 MP: 1/14
  2975 | D:3      | Reached skill level 5 in Spellcasting
  3014 | D:3      | Reached skill level 6 in Conjurations
  3263 | D:3      | Gained mutation: You are partially covered in yellow scales. (AC +2) [potion of mutation]
  3263 | D:3      | Gained mutation: You are resistant to hostile enchantments. (MR+) [potion of mutation]
  3263 | D:3      | Gained mutation: Your body sometimes deteriorates upon taking damage. [potion of mutation]
  3338 | D:4      | Reached XP level 6. HP: 28/35 MP: 8/16
  3344 | D:4      | Learned a level 4 spell: Iskenderun's Mystic Blast
  3469 | D:4      | Found a staircase to the Ecumenical Temple.
  3475 | Temple   | Entered the Ecumenical Temple
  3580 | Temple   | Became a worshipper of Vehumet
  3861 | D:3      | Slain by a hound

Skill      XL: |  1  2  3  4  5 |
---------------+----------------+-----
Spellcasting   | 4 5 |  5.6
Conjurations   | 5 6 |  6.3
Fighting       | 1 |  1.9
Dodging        | |  2.4
Stealth        | |  2.4

Action                   |  1- 3 |  4- 6 || total
-------------------------+-------+-------++-------
Melee: Unarmed           |     9 |    21 ||    30
 Cast: Magic Dart        |    84 |    81 ||   165
       Searing Ray       |     6 |     5 ||    11
       Iskenderun's Myst |       |     2 ||     2
  Use: Scroll            |     7 |     7 ||    14
       Potion            |       |     2 ||     2
  Eat: Chunk             |     3 |     4 ||     7
Armor: Robe              |     3 |    12 ||    15
Dodge: Dodged            |    18 |    35 ||    53
Block: Other             |       |     9 ||     9
